 Dungeon Crawl Stone Soup version 0.29.0-11-gd7f09526c8 (webtiles) character file.

Game seed: 16348054460315978634

95 blackman the Sneak (level 4, -1/35 HPs)
             Began as a Demonspawn Delver on Sept 6, 2022.
             Slain by an iguana (11 damage)
             ... on level 5 of the Dungeon.
             The game lasted 00:04:06 (1196 turns).

blackman the Sneak (Demonspawn Delver)              Turns: 1196, Time: 00:04:06

Health: -1/35      AC:  5    Str: 14    XL:     4   Next: 40%
Magic:  4/4        EV: 11    Int: 12    God:
Gold:   23         SH:  4    Dex: 14    Spells: 3/3 levels left

rFire   . . .      SeeInvis .   a - +0 mace
rCold   . . .      Faith    .   (no shield)
rNeg    . . .      Spirit   .   b - +0 leather armour
rPois   .          Reflect  .   (no helmet)
rElec   .          Harm     .   (no cloak)
rCorr   .          Rampage  .   (no gloves)
Will    .....                   (no boots)
Stlth   ++........              (no amulet)
HPRegen 0.11/turn               (no ring)
MPRegen 0.09/turn               (no ring)

@: no status effects
A: yellow scales 1, condensation shield, weakness stinger 1
a: no special abilities


You were on level 5 of the Dungeon.
You visited 1 branch of the dungeon, and saw 2 of its levels.

You collected 23 gold pieces.

Inventory:

Hand Weapons
 a - a +0 mace (weapon)
Armour
 b - a +0 leather armour (worn)
Wands
 g - a wand of digging (2)
Scrolls
 c - a scroll of fog
 d - a scroll of magic mapping
 e - a scroll of fear
 i - 2 scrolls of poison
 j - a scroll of acquirement {unknown}
Potions
 f - a potion of curing {unknown}


   Skills:
 - Level 3.0 Fighting
 + Level 4.3 Maces & Flails
 - Level 1.7 Dodging
 - Level 4.5 Stealth


You had 3 spell levels left.
You didn't know any spells.
Your spell library was empty.

Dungeon Overview and Level Annotations

Branches:
Dungeon (5/15)
 Temple: D:4-7

Altars:

Annotations:
D:4 Menkaure
D:5 exclusion: hound


Innate Abilities, Weirdness & Mutations

You are partially covered in yellow scales. (AC +2)
A meltable shield of frost defends you. (SH +4)
You have a small tail.


Message History

Found a stone staircase leading down.
Found a hand axe.
Unknown command.
Key pressed, stopping explore.
A hound comes into view.
A hound is nearby!
A hound is nearby!
f - a blue potion
There are no items here.
You open the door.
An iguana comes into view.
The iguana hisses angrily.
There is an open door here.
You barely miss the iguana. You tail-slap the iguana.
The iguana is lightly wounded.
The iguana barely misses you.
You hit the iguana.
The iguana is heavily wounded.
The iguana bites you! You block the iguana's attack.
You closely miss the iguana.
The iguana is heavily wounded.
The iguana bites you.
You barely miss the iguana.
The iguana is heavily wounded.
The iguana bites you!
You hit the iguana but do no damage.
The iguana is heavily wounded.
The iguana bites you.
You hit the iguana but do no damage.
The iguana is heavily wounded.
The iguana closely misses you.
You hit the iguana.
Your tail-slap misses the iguana.
The iguana is heavily wounded.
The iguana closely misses you.
You hit the iguana but do no damage.
The iguana is heavily wounded.
The iguana bites you.
* * * LOW HITPOINT WARNING * * *
The iguana bites you!
You die...

...............
..h##.#.#######
#....## #.....#
#....## #.#.##
...#.# #####.#
#@# #.l.#
#.....#
#.......#
#.........#
+.........+
#.........#
##.......##


You could see an iguana.

Vanquished Creatures
  An ogre (D:5)
  An adder (D:4)
  An endoplasm (D:4)
  A giant cockroach (D:4)
  A hobgoblin (D:4)
5 creatures vanquished.

Notes
Turn   | Place    | Note
-------+----------+-------------------------------------------
     0 | D:5      | blackman the Demonspawn Delver began the quest for the Orb.
     0 | D:5      | Reached XP level 1. HP: 18/18 MP: 1/1
    69 | D:5      | Noticed a hound
   242 | D:5      | Noticed an ogre
   337 | D:5      | Killed an ogre
   338 | D:5      | Gained mutation: You have a small tail. [demonic ancestry]
   338 | D:5      | Reached XP level 2. HP: 8/24 MP: 2/2
   338 | D:5      | Gained mutation: You are partially covered in yellow
                  | scales. (AC +2) [demonic ancestry]
   338 | D:5      | Reached XP level 3. HP: 10/29 MP: 3/3
   338 | D:5      | Gained mutation: A meltable shield of frost defends you.
                  | (SH +4) [demonic ancestry]
   338 | D:5      | Reached XP level 4. HP: 12/35 MP: 4/4
  1047 | D:4      | Noticed Menkaure
  1196 | D:5      | Slain by an iguana

Illustrated notes

Levels and vault maps discovered:
D:4:      layout_gridville, grunt_temple_overflow_cloverleaf, uniq_menkaure
D:5:      layout_loops_corners

Skill      XL: |  1 |
---------------+----+-----
Maces & Flails | 4 |  4.3
Fighting       | |  3.0
Dodging        | |  1.7
Stealth        | |  4.5

Action                   |  1- 3 |  4- 6 || total
-------------------------+-------+-------++-------
Melee: Mace              |       |    32 ||    32
       Tailslap          |       |     4 ||     4
       Punch             |       |     1 ||     1
Throw: Boomerang         |     3 |       ||     3
Evoke: Wand              |       |     1 ||     1
  Use: Scroll            |     1 |       ||     1
       Potion            |       |     1 ||     1
Armor: Leather armour    |       |     7 ||     7
Dodge: Dodged            |     1 |    19 ||    20
Block: Other             |       |     5 ||     5
